 Dungeon Crawl Stone Soup version 0.30-a0-585-g93115170b9 (webtiles) character file.

Game seed: 6892517035688532279

54 lunkers the Cudgeller (level 4, -4/36 HPs)
             Began as a Meteoran Warper on Jan 2, 2023.
             Slain by an orc
             ... wielding a +0 mace
              (8 damage)
             ... on level 3 of the Dungeon.
             The game lasted 00:02:22 (998 turns).

lunkers the Cudgeller (Meteoran Warper)              Turns: 998, Time: 00:02:22

Health: -4/36      AC:  3    Str: 15    XL:     4   Next: 34%
Magic:  6/9        EV: 12    Int: 14    God:
Gold:   98         SH:  0    Dex: 13    Spells: 3/8 levels left

rFire   . . .      SeeInvis .    a - +0 mace
rCold   . . .      Faith    .    (no shield)
rNeg    . . .      Spirit   .    b - +0 leather armour
rPois   .          Reflect  .    (no helmet)
rElec   .          Harm     .    (no cloak)
rCorr   .          Rampage  .    (no gloves)
Will    .....                    (no boots)
Stlth   +                        (no amulet)
HPRegen 0.26/turn                f - ring of flight
MPRegen 0.11/turn                (no ring)

@: flying, glowing
A: sense surroundings 1, otherworldly, glowing, explore regen
a: no special abilities


You were on level 3 of the Dungeon.
You visited 1 branch of the dungeon, and saw 3 of its levels.

You collected 98 gold pieces.

Inventory:

Hand Weapons
 a - a +0 mace (weapon)
Missiles
 d - 7 boomerangs of dispersal
Armour
 b - a +0 leather armour (worn)
 q - +0 fire dragon scales
Jewellery
 f - a ring of flight (left hand)
Wands
 o - a wand of flame (21)
Scrolls
 c - a scroll of blinking
 j - 2 scrolls of summoning {unknown}
 k - a scroll of torment {unknown}
 n - a scroll of brand weapon {unknown}
 p - a scroll of silence {unknown}
Potions
 e - 4 potions of brilliance {unknown}
 g - 3 potions of lignification {unknown}
 h - 2 potions of cancellation {unknown}
 i - 2 potions of curing {unknown}
 l - a potion of heal wounds {unknown}
 m - a potion of haste {unknown}


   Skills:
 - Level 2.1 Fighting
 * Level 5.4 Maces & Flails
 - Level 1.2 Throwing
 - Level 1.2 Armour
 - Level 2.4 Dodging
 - Level 2.6 Spellcasting
 - Level 3.6 Translocations


You had 3 spell levels left.
You knew the following spells:

 Your Spells              Type           Power      Damage    Failure   Level
b - Vhi's Electric Charg  Tloc/Air       12%        N/A       36%         3
p - Blink                 Tloc           24%        N/A       10%         2

Your spell library contained the following spells:

 Spells                   Type           Power      Damage    Failure   Level
 Lesser Beckoning         Tloc           24%        N/A       19%         3
 Teleport Other           Tloc           12%        N/A       19%         3
 Manifold Assault         Tloc           12%        N/A       52%         4


Dungeon Overview and Level Annotations

Branches:
Dungeon (3/15) Zot: 776

Altars:


Innate Abilities, Weirdness & Mutations

You passively map a small area around you.
You are easily found by Zot.
You glow in the dark.
You regain HP and MP as you explore.


Message History

The orc hits you but does no damage.
You hit the orc but do no damage.
The orc is almost dead.
The orc hits you with a +0 falchion!
* * * LOW HITPOINT WARNING * * *
You hit the orc.
You kill the orc!
You now have 98 gold pieces (gained 21).
Things that are here:
a +0 falchion; +0 fire dragon scales
Okay, then. q - +0 fire dragon scales An orc comes into view.
It is wielding a +0 mace.
The orc shouts!
The orc throws a boomerang.
The boomerang hits you.
* * * LOW HITPOINT WARNING * * *
You see here a +0 falchion.
Found a ruby potion.
The orc throws a boomerang.
The boomerang barely misses you.
You see here a ruby potion.
Unknown command.
e - 4 ruby potions (gained 1)
The orc throws a boomerang.
The boomerang hits you but does no damage.
The orc throws a boomerang.
The boomerang hits you.
* * * LOW HITPOINT WARNING * * *
The orc throws a boomerang.
The boomerang closely misses you.
Cast which spell? (? or * to list)
Okay, then.
Cast which spell? (? or * to list)
The spell is quite dangerous to miscast (36% risk of failure)!
Continue anyway?
Charge where?
Press: ? - help, Dir - move target, f - orc
Aim: an orc, wielding a +0 mace, wearing a +0 leather armour and quivering boomerangs (79% to hit)
You charge forward with an electric crackle!
You barely miss the orc. The orc hits you with a +0 mace.
* * * LOW HITPOINT WARNING * * *
Unknown command.
You barely miss the orc. The orc hits you with a +0 mace!
You die...

* * ######## #..
#......# *..# ######
#......####.## #....#
#......#......
#....#####.............
#...°°@o...............
#....#####.............
#....##.......†........
#######.#.......#......
** #.....#.).....##.#.##
#......##)..#######.#.#.
#...... #.#o# ####.....
#...... #...# #........
#...... #..#####........


You could see an orc.

Vanquished Creatures
  An adder (D:2)
  A worm (D:3)
  A dart slug (D:1)
  2 orcs (D:3)
  4 ball pythons
  3 endoplasms
  3 giant cockroaches
  A goblin (D:1)
  4 hobgoblins
  A quokka (D:1)
  3 bats
  3 frilled lizards
  3 kobolds
  9 rats
39 creatures vanquished.

Notes
Turn   | Place    | Note
-------+----------+-------------------------------------------
     0 | D:1      | lunkers the Meteoran Warper began the quest for the Orb.
     0 | D:1      | Reached XP level 1. HP: 17/17 MP: 5/5
    42 | D:1      | Reached skill level 3 in Maces & Flails
    70 | D:1      | Reached XP level 2. HP: 23/24 MP: 6/6
   287 | D:1      | Found a faded altar of an unknown god.
   299 | D:1      | Reached skill level 4 in Maces & Flails
   346 | D:1      | Reached XP level 3. HP: 20/29 MP: 8/8
   486 | D:1      | Glimpsed the power of Zot.
   655 | D:2      | Learned a level 2 spell: Blink
   659 | D:2      | Learned a level 3 spell: Vhi's Electric Charge
   781 | D:2      | Reached skill level 5 in Maces & Flails
   781 | D:2      | Reached XP level 4. HP: 31/36 MP: 9/9
   998 | D:3      | Slain by an orc

Illustrated notes

Levels and vault maps discovered:
D:1:      minmay_arrival_jagged, layout_basic,
          dreamdust_ecumenical_altar_statues, minmay_distorted
D:2:      layout_basic
D:3:      layout_rooms, nicolae_concentric_dashed_squares_mild,
          uniq_crazy_yiuf_cottage, uniq_ijyb, uniq_natasha

Skill      XL: |  1  2  3 |
---------------+----------+-----
Maces & Flails | 3 4 5 |  5.4
Fighting       | |  2.1
Throwing       | |  1.2
Armour         | |  1.2
Dodging        | |  2.4
Spellcasting   | |  2.6
Translocations | |  3.6

Action                   |  1- 3 |  4- 6 || total
-------------------------+-------+-------++-------
Melee: Mace              |    93 |    51 ||   144
       Punch             |     1 |       ||     1
 Cast: Vhi's Electric Ch |       |     1 ||     1
Armor: Leather armour    |    42 |    13 ||    55
Dodge: Dodged            |    65 |    29 ||    94

Table legend: (Time is in decaauts)
 A = Elapsed time spent in this place.
 B = Non-inter-level travel time spent in this place.
 C = Inter-level travel time spent in this place.
 D = Time resting spent in this place.
 E = Time spent auto-exploring this place.
 F = Levels seen in this place.
 G = Mean time per level.
                   A        B        C        D        E       F      G
               +--------+--------+--------+--------+--------+-----+--------+
         Total |   1022 |    993 |     29 |      0 |    623 |   3 |  340.7 |
       Dungeon |   1022 |    993 |     29 |      0 |    623 |   3 |  340.7 |
               +--------+--------+--------+--------+--------+-----+--------+

Top non-repeatable levels by time:
     D:1: 529 daAuts
     D:2: 309 daAuts
     D:3: 182 daAuts
